 Dungeon Crawl Stone Soup version 0.29-a0-620-g13ace881f2 (webtiles) character file.

Game seed: 7929488948469669109

16418 IdlyInterested the Carver (level 12, -1/99 HPs)
             Began as a Demonspawn Monk on June 19, 2022.
             Was a Priest of Wu Jian.
             Slain by a seven-headed hydra (4 damage)
             ... on level 2 of the Lair of Beasts.
             The game lasted 00:39:51 (12559 turns).

IdlyInterested the Carver (Demonspawn Monk)        Turns: 12559, Time: 00:39:52

Health: -1/99      AC: 34    Str: 17    XL:     12   Next: 9%
Magic:  15/15      EV: 10    Int: 11    God:    Wu Jian [***...]
Gold:   890        SH:  5    Dex: 28    Spells: 15/15 levels left

rFire   . . .      SeeInvis .   F - +2 scimitar
rCold   . . .      Faith    .   (no shield)
rNeg    + . .      Spirit   .   k - +13 plate armour of Hedge Wizardry {rPois rN+ Dex+5 Stlth+}
rPois   +          Reflect  +   g - +1 helmet
rElec   .          Harm     .   m - +2 cloak {Stlth+}
rCorr   .          Rampage  .   (no gloves)
Will    +....                   V - +2 pair of boots
Stlth   ..........              A - amulet of reflection
HPRegen 0.26/turn               j - ring of ice
MPRegen 0.28/turn               I - ring of Syndicalism {Fire Will+ Str+4 Dex+3}

@: studying Hexes
A: claws 1, rugged brown scales 2, foul stench 2, magic regeneration
a: Renounce Religion, Wall Jump, Serpent's Lash


You were on level 2 of the Lair of Beasts.
You worshipped Wu Jian.
Wu Jian was most pleased with you.
You visited 3 branches of the dungeon, and saw 12 of its levels.

You collected 890 gold pieces.

Inventory:

Hand Weapons
 a - a +0 falchion of electrocution
 b - a +0 scimitar
 v - a +3 great sword of freezing
 x - a +0 falchion
 y - a +0 scimitar
 D - a +0 long sword
 F - a +2 scimitar (weapon)
 G - a +4 long sword
 N - a +2 long sword
 O - a +0 great sword
 P - a +0 long sword
 Q - a +0 scimitar
 R - a +4 short sword
Missiles
 i - 178 stones (quivered)
 l - 3 javelins
 w - 6 atropa-tipped darts
 J - 3 curare-tipped darts
 T - 5 boomerangs
 X - 5 poisoned darts
Armour
 g - a +1 helmet (worn)
 k - the +13 plate armour of Hedge Wizardry (worn) {rPois rN+ Dex+5 Stlth+}
   (You found it on level 3 of the Dungeon)

   Dex:       It affects your dexterity (+5).
   rPois:     It protects you from poison.
   rN:        It protects you from negative energy.
   Stlth:     It makes you more stealthy.
 m - a +2 cloak of stealth (worn)
 n - an orb of wrath
 r - a +2 robe of cold resistance
 z - +0 steam dragon scales
 C - an orb of light
 S - a +2 robe of fire resistance
 V - a +2 pair of boots (worn)
Jewellery
 j - a ring of ice (left claw)
 A - an amulet of reflection (around neck)
 I - the ring of Syndicalism (right claw) {Fire Will+ Str+4 Dex+3}
   (You found it on level 7 of the Dungeon)

   [ring of fire]

   It enhances your fire magic.
   Str:       It affects your strength (+4).
   Dex:       It affects your dexterity (+3).
   rF:        It protects you from fire.
   rC:        It makes you vulnerable to cold.
   Will:      It increases your willpower.
 U - a ring of protection from fire
Wands
 o - a wand of iceblast (5)
 H - a wand of paralysis (15)
Scrolls
 d - a scroll of amnesia
 f - a scroll of vulnerability
 q - 3 scrolls of identify
 B - a scroll of teleportation
 K - a scroll of immolation
Potions
 c - 3 potions of ambrosia
 e - 4 potions of heal wounds
 h - a potion of mutation
 p - 4 potions of lignification
 s - 5 potions of curing
 t - a potion of cancellation
 u - a potion of brilliance
 E - a potion of flight
 L - 2 potions of attraction
 M - 2 potions of invisibility
 W - a potion of might


   Skills:
 - Level 9.0 Fighting
 * Level 12.5 Long Blades
 - Level 2.0 Throwing
 - Level 2.0 Armour
 * Level 8.9 Dodging
 - Level 2.0 Stealth
 + Level 5.6 Unarmed Combat
 - Level 2.0 Spellcasting
 - Level 2.0 Invocations
 - Level 2.0 Evocations


You had 15 spell levels left.
You didn't know any spells.
Your spell library contained the following spells:

 Spells                   Type           Power      Damage    Failure   Level
 Slow                     Hex            4%         N/A       100%        1
 Confusing Touch          Hex            1%         N/A       100%        3
 Dazzling Flash           Conj/Hex       2%         N/A       100%        3
 Vampiric Draining        Necr           1%         2d6       100%        3
 Iskenderun's Mystic Bla  Conj/Tloc      1%         2d3       100%        4
 Summon Lightning Spire   Summ/Air       1%         N/A       100%        4
 Starburst                Conj/Fire      0%         6d3       100%        6
 Storm Form               Tmut/Air       0%         N/A       100%        7
 Maxwell's Capacitive Co  Air            0%         ∞         100%        8


Dungeon Overview and Level Annotations

Branches:
Dungeon (9/15)             Temple (1/1) D:7            Lair (2/6) D:9
 Shoals (0/4) Lair:2       Spider (0/4) Lair:2
    Orc: D:9-12

Altars:
Ashenzari
Cheibriados
Dithmenos
Elyvilon
Fedhas
Gozag
Hepliaklqana
Kikubaaqudgha
Makhleb
Nemelex Xobeh
Okawaru
Qazlal
Ru
Sif Muna
Trog
Uskayaw
Vehumet
Wu Jian
Xom
Yredelemnul
Zin
The Shining One

Shops:
D:8 =


Innate Abilities, Weirdness & Mutations

You have sharp fingernails.
You are mostly covered in rugged brown scales. (AC +2, +5% HP)
You sometimes emit foul miasma when damaged in melee.
You regenerate magic rapidly.


Message History

The seven-headed hydra is engulfed in dark miasma.
The seven-headed hydra seems to slow down.
The jumping spider barely misses you. You block the jumping spider's attack.
You see here a jumping spider corpse.
You miss the jumping spider.
The jumping spider is almost dead.
The jumping spider barely misses you. You block the jumping spider's attack.
The seven-headed hydra barely misses you.
The seven-headed hydra bites you.
* * * LOW HITPOINT WARNING * * *
The seven-headed hydra barely misses you. x2
The seven-headed hydra bites you but does no damage. x2
The seven-headed hydra closely misses you.
The redback closely misses you.
You slash the jumping spider!
You kill the jumping spider!
The Council accepts your kill.
The redback bites you but does no damage.
You slice the redback!!
The redback is severely wounded.
The redback bites you but does no damage.
You barely miss the redback.
The redback is severely wounded.
The redback barely misses you.
The seven-headed hydra barely misses you.
The seven-headed hydra bites you but does no damage.
The seven-headed hydra barely misses you.
The seven-headed hydra bites you but does no damage.
You block the seven-headed hydra's attack.
The seven-headed hydra bites you but does no damage. x2
You barely miss the redback.
The redback is severely wounded.
You block the redback's attack.
Unknown command.
You slice the redback!!
You kill the redback!
The Council accepts your kill.
The seven-headed hydra bites you but does no damage.
The seven-headed hydra bites you.
You die...

.........⌠.>..+...⌠.....
..............#.......#.
###$†..#.⌠.##.#...#..#
#..#########......## #
##.# ##.+#### ##P##'####
# ##.....## ##....?...#
#.#.#...#.# #.....D...#
....#...#.# #......@..+
..#...⌠...##
#.......†.(#
P.F.#..†..#.
#..........#
+.......#...
≈≈.≈≈≈.$...#
#..#.....##.
≈≈.≈≈.≈..### .##.#+.###
.≈.≈.≈≈..# ........<#
≈...≈≈≈..# ###.....##
.>.....## #######


You could see a seven-headed hydra (slow).

Vanquished Creatures
  2 hydras (Lair:1)
  A two-headed ogre (D:8)
  A death yak (D:9)
  The ghost of Sabo the Cleaver, a novice GrMo of Dithmenos (D:7)
  Pikel (D:4)
  7 cane toads
  2 komodo dragons (Lair:1)
  2 rime drakes
  A hornet (D:9)
  A snapping turtle (Lair:2)
  3 blink frogs (Lair:2)
  2 jumping spiders (Lair:2)
  Sigmund (D:4)
  A wyvern (D:9)
  10 yaks
  2 basilisks (D:9)
  A redback (Lair:2)
  3 steam dragons
  Grum (D:8)
  An acid dragon (D:8)
  7 water moccasins
  Duvessa (D:7)
  2 orc warriors
  A black bear (D:6)
  5 ice beasts
  3 centaurs
  An ogre (D:6)
  10 wolves
  A kobold brigand (D:5)
  Blork the orc (D:4)
  A phantom (D:4)
  8 bullfrogs
  A gnoll sergeant (D:9)
  2 necrophages
  A scorpion (D:6)
  24 wights
  Dowan (D:7)
  3 killer bees (D:9)
  A howler monkey (D:8)
  2 wyvern simulacra (D:7)
  2 hounds
  A jelly (D:6)
  Crazy Yiuf (D:3)
  7 orc priests
  A gnoll shaman (D:8)
  7 iguanas
  8 orc wizards
  9 gnolls
  5 adders
  A shadow imp (D:7)
  2 white imps (D:7)
  2 howler monkey simulacra (D:7)
  2 ufetubi (D:6)
  2 worms
  2 dart slugs
  23 orcs
  6 endoplasms
  3 giant cockroaches
  7 goblins
  5 hobgoblins
  6 jackals
  6 kobolds
  4 quokkas
  6 ball pythons
  3 bats
  3 frilled lizards
  4 rats
  A butterfly (Lair:1)
249 creatures vanquished.

Vanquished Creatures (others)
  A fungus (Lair:1)
  3 plants
4 creatures vanquished.

Grand Total: 253 creatures vanquished

Notes
Turn   | Place    | Note
-------+----------+-------------------------------------------
     0 | D:1      | IdlyInterested the Demonspawn Monk began the quest for the
                  | Orb.
     0 | D:1      | Reached XP level 1. HP: 18/18 MP: 1/1
   183 | D:1      | Gained mutation: You may rarely emit foul miasma when
                  | damaged in melee. [demonic ancestry]
   183 | D:1      | Reached XP level 2. HP: 24/24 MP: 2/2
   403 | D:1      | Reached skill level 3 in Long Blades
   947 | D:2      | Gained mutation: You are partially covered in rugged brown
                  | scales. (AC +1, +3% HP) [demonic ancestry]
   947 | D:2      | Reached XP level 3. HP: 20/29 MP: 3/3
  1083 | D:2      | Reached skill level 1 in Armour
  1565 | D:2      | Found a faded altar of an unknown god.
  1757 | D:2      | Identified a scroll of acquirement
  1757 | D:2      | Acquired a manual of Hexes
  1806 | D:3      | Reached XP level 4. HP: 24/36 MP: 4/4
  1821 | D:3      | HP: 1/36 [goblin/+0 dagger (1)]
  2224 | D:3      | Identified the +13 plate armour of Hedge Wizardry {rPois
                  | rN+ Dex+5 Stlth+}
  2331 | D:3      | Found an ancient bone altar of Kikubaaqudgha.
  2439 | D:3      | Reached skill level 1 in Throwing
  2442 | D:3      | Reached skill level 4 in Long Blades
  2442 | D:3      | Gained mutation: You regenerate magic rapidly. [demonic
                  | ancestry]
  2442 | D:3      | Reached XP level 5. HP: 42/42 MP: 5/5
  2614 | D:3      | Found a runed translucent door.
  2615 | D:3      | Noticed Crazy Yiuf
  2828 | D:3      | Killed Crazy Yiuf
  3118 | D:4      | Noticed Sigmund
  3129 | D:4      | Killed Sigmund
  3130 | D:4      | Reached skill level 1 in Spellcasting
  3130 | D:4      | Reached XP level 6. HP: 49/49 MP: 7/7
  3134 | D:4      | Noticed Blork the orc
  3143 | D:4      | Killed Blork the orc
  3144 | D:4      | Reached skill level 5 in Long Blades
  3144 | D:4      | Reached skill level 1 in Invocations
  3383 | D:4      | Reached XP level 7. HP: 56/56 MP: 8/8
  3592 | D:4      | Noticed Pikel
  3600 | D:4      | Killed Pikel
  3601 | D:4      | Reached skill level 5 in Fighting
  3601 | D:4      | Reached skill level 6 in Long Blades
  3601 | D:4      | Reached skill level 1 in Evocations
  3947 | D:4      | Reached skill level 7 in Long Blades
  3947 | D:4      | Gained mutation: You sometimes emit foul miasma when
                  | damaged in melee. [demonic ancestry]
  3947 | D:4      | Reached XP level 8. HP: 63/63 MP: 9/9
  4340 | D:5      | Entered Level 5 of the Dungeon
  4934 | D:5      | Reached skill level 5 in Dodging
  5172 | D:6      | Reached skill level 8 in Long Blades
  5206 | D:6      | Gained mutation: You are mostly covered in rugged brown
                  | scales. (AC +2, +5% HP) [demonic ancestry]
  5206 | D:6      | Reached XP level 9. HP: 51/71 MP: 10/10
  5521 | D:6      | Reached skill level 9 in Long Blades
  6587 | D:7      | Found a runed translucent gate.
  6587 | D:7      | Found a runed translucent gate.
  6587 | D:7      | Found a runed translucent gate.
  6588 | D:7      | Found a staircase to the Ecumenical Temple.
  6597 | Temple   | Entered the Ecumenical Temple
  7034 | D:7      | Noticed Sabo's ghost (novice GrMo)
  7228 | D:7      | Noticed Dowan
  7229 | D:7      | Killed Dowan
  7229 | D:7      | Noticed Duvessa
  7230 | D:7      | Gained mutation: You have sharp fingernails. [demonic
                  | ancestry]
  7230 | D:7      | Reached XP level 10. HP: 81/82 MP: 13/13
  7234 | D:7      | Killed Duvessa
  8243 | D:7      | Reached skill level 1 in Unarmed Combat
  8266 | D:7      | Killed Sabo's ghost
  8267 | D:7      | Reached skill level 10 in Long Blades
  8390 | D:7      | Got the ring of Syndicalism {Fire Will+ Str+4 Dex+3}
  8482 | Temple   | Became a worshipper of the Wu Jian Council
  8482 | Temple   | Reached * piety under Wu Jian
  8482 | Temple   | Reached ** piety under Wu Jian
  8530 | D:8      | Noticed Grum
  8544 | D:8      | Killed Grum
  8734 | D:8      | Noticed a two-headed ogre
  8743 | D:8      | Killed a two-headed ogre
  8892 | D:8      | Found Vadou's One-of-a-Kind Rings.
  9729 | D:9      | Reached skill level 11 in Long Blades
  9890 | D:9      | Reached XP level 11. HP: 82/88 MP: 14/14
 10301 | D:9      | Found a staircase to the Lair.
 10301 | D:9      | Noticed a death yak
 10328 | D:9      | Killed a death yak
 10363 | D:9      | Reached *** piety under Wu Jian
 10763 | Lair:1   | Entered Level 1 of the Lair of Beasts
 11238 | Lair:1   | Noticed a seven-headed hydra
 11249 | Lair:1   | Killed a seven-headed hydra
 11260 | Lair:1   | Reached skill level 12 in Long Blades
 11460 | Lair:1   | Noticed a six-headed hydra
 11469 | Lair:1   | Killed a six-headed hydra
 11470 | Lair:1   | Reached skill level 5 in Unarmed Combat
 12400 | Lair:2   | Reached XP level 12. HP: 35/99 MP: 15/15
 12420 | Lair:2   | Found a staircase to the Shoals.
 12538 | Lair:2   | Noticed a six-headed hydra
 12553 | Lair:2   | Found a hole to the Spider Nest.
 12554 | Lair:2   | HP: 2/99 [seven-headed hydra (4)]
 12559 | Lair:2   | Slain by a seven-headed hydra

Illustrated notes

Levels and vault maps discovered:
D:1:      spicycebolla_arrival_xxxplode, layout_basic
D:2:      layout_rooms, shapermc_ecumenical_altar_totnotflames
D:3:      layout_rooms, nicolae_overflow_crystal_walls, uniq_crazy_yiuf_cottage
D:4:      layout_layer_cave, uniq_pikel, uniq_sigmund, uniq_blork_the_orc
D:5:      layout_gridville, kennysheep_generic_room_5
D:6:      layout_basic, serial_bayou_pond_d, serial_bayou_pond_a
D:7:      layout_layer_cave, minmay_temple_entry_gardened_gates,
          gammafunk_ghost_icy, uniq_duvessa
D:8:      layout_basic, nicolae_shop_unique_rings, grunt_ministairs_15,
          uniq_grum
D:9:      layout_basic, david_lair_generic, hangedman_abyss_or_decor_slice
Temple:   compressed_dpeg_circular_temple
Lair:1:   layout_cave_pods, chequers_serial_rivers_room_b,
          hangedman_lair_generics_rect, infiniplex_staircase_pool_2,
          lemuel_fruit_fields
Lair:2:   layout_roguey, minmay_shoals_entry_hut, spider_nest_entry_a,
          portal_ice_cave_entry_imps, grunt_megastairs_1

Skill      XL: |  1  2  3  4  5  6  7  8  9 10 11 |
---------------+----------------------------------+-----
Long Blades    | 3 4 5 7 8 9 11 12 | 12.5
Dodging        | 3 4 5 6 8 |  8.9
Armour         | 1 2 |  2.0
Throwing       | 1 2 |  2.0
Fighting       | 4 5 7 9 |  9.0
Spellcasting   | 1 2 |  2.0
Invocations    | 1 2 |  2.0
Evocations     | 1 2 |  2.0
Stealth        | 2 |  2.0
Unarmed Combat | 3 5 |  5.6

Action                   |  1- 3 |  4- 6 |  7- 9 | 10-12 || total
-------------------------+-------+-------+-------+-------++-------
Melee: Falchion          |    84 |   121 |   127 |       ||   332
       Great sword       |       |       |    69 |     4 ||    73
       Scimitar          |       |       |       |   459 ||   459
       Punch             |       |       |       |     9 ||     9
       Short sword       |       |       |       |    15 ||    15
Throw: Stone             |     3 |     2 |       |    18 ||    23
       Javelin           |       |       |       |     1 ||     1
Invok: Lunge             |       |       |       |    16 ||    16
       Whirlwind         |       |       |       |    17 ||    17
       Serpent's Lash    |       |       |       |     2 ||     2
 Abil: Wall Jump         |       |       |       |     4 ||     4
Evoke: Wand              |       |       |       |     1 ||     1
  Use: Scroll            |     5 |     4 |     6 |     4 ||    19
       Potion            |     7 |     1 |     1 |     2 ||    11
 Stab: Sleeping          |     4 |       |       |       ||     4
       Invisible         |       |       |       |     9 ||     9
       Distracted        |       |       |       |     1 ||     1
Armor: Robe              |    14 |    20 |       |       ||    34
       Plate armour      |       |    79 |   167 |   337 ||   583
Dodge: Dodged            |    53 |    51 |    58 |   191 ||   353
Block: Other             |       |       |    14 |   110 ||   124
       Reflection        |       |       |     2 |     1 ||     3

Table legend: (Time is in decaauts)
 A = Elapsed time spent in this place.
 B = Non-inter-level travel time spent in this place.
 C = Inter-level travel time spent in this place.
 D = Time resting spent in this place.
 E = Time spent auto-exploring this place.
 F = Levels seen in this place.
 G = Mean time per level.
                   A        B        C        D        E       F      G
               +--------+--------+--------+--------+--------+-----+--------+
         Total |  12711 |  12278 |    433 |   2208 |   7788 |  12 | 1059.2 |
       Dungeon |  10795 |  10543 |    252 |   1934 |   6792 |   9 | 1199.4 |
        Temple |    152 |    152 |      0 |      0 |     56 |   1 |  152.0 |
          Lair |   1763 |   1583 |    180 |    274 |    940 |   2 |  881.5 |
               +--------+--------+--------+--------+--------+-----+--------+

Top non-repeatable levels by time:
     D:7: 1837 daAuts
  Lair:1: 1577 daAuts
     D:4: 1451 daAuts
     D:6: 1380 daAuts
     D:3: 1234 daAuts
     D:8: 1187 daAuts
     D:2: 1148 daAuts
     D:9: 1034 daAuts
     D:5: 868 daAuts
     D:1: 652 daAuts
  Lair:2: 186 daAuts
  Temple: 152 daAuts
